Map: Acropolis LE

Players

Cyan

  • Race: Protoss Protoss
  • Spawn Location: 5:00

Harstem - Winner!

  • Race: Protoss Protoss
  • Spawn Location: 11:00

VOD

Have the link to the VOD?

Description

Time

  • Played on: Sept. 7, 2019, 10:46 a.m.
  • Length: 14:48
Show
View Real Time Build Order
Export as new Build Order

Cyan Protoss 

Build Orders: Oracle Opening 

Get SALT Encoding   

  12  0:00  Probe  
  13  0:12  Probe  
  14  0:17  Pylon  
  14  0:24  Probe  
  15  0:32  Probe  
  15  0:37  Gateway  
  15  0:40  Probe  
  16  0:46  Assimilator  
  17  0:51  Probe  
  17  0:54  Assimilator  
  18  0:59  Probe  
  19  1:07  Gateway, Probe  
  19  1:17  Probe  
  21  1:26  Cybernetics Core  
  21  1:29  Probe  
  22  1:37  Pylon  
  22  1:41  Probe  
  23  2:02  Stargate  
  23  2:04  Stalker  
  23  2:07  Stalker  
  27  2:11  Warp Gate  
  27  2:14  Probe  
  28  2:21  Pylon  
  28  2:37  Stalker  
  30  2:39  Oracle  
  30  2:51  Shield Battery  
  32  2:58  Probe  
  33  3:07  Oracle  
  33  3:15  Shield Battery  
  36  3:35  Shield Battery  
  36  3:39  Nexus  
  36  3:43  Twilight Council  
  36  3:45  Probe  
  36  3:47  Pylon  
  37  3:57  Probe  
  38  4:07  Stalker x2  
  38  4:09  Probe  
  43  4:21  Probe  
  42  4:33  Probe  
  42  4:34  Robotics Facility  
  42  4:36  Stalker  
  44  4:45  Probe  
  45  4:53  Probe  
  45  4:55  Blink  
  45  4:58  Probe  
  47  5:01  Probe  
  48  5:10  Probe  
  48  5:11  Probe  
  50  5:17  Observer  
  50  5:22  Probe  
  50  5:23  Probe  
  53  5:29  Pylon  
  53  5:32  Immortal  
  53  5:34  Probe  
  53  5:35  Probe  
  53  5:46  Probe  
  53  5:47  Probe  
  55  5:54  Pylon  
  55  5:58  Probe  
  55  5:59  Probe  
  57  6:05  Gateway  
  57  6:09  Immortal  
  57  6:10  Probe, Sentry  
  60  6:12  Probe  
  65  6:22  Probe  
  65  6:24  Pylon  
  66  6:29  Probe  
  66  6:30  Gateway  
  67  6:38  Warp Prism, Sentry  
  69  6:40  Gateway  
  69  6:43  Gateway  
  71  6:55  Pylon  
  71  6:58  Stalker  
  73  7:04  Stalker  
  73  7:07  Observer, Probe, Assimilator  
  77  7:18  Stalker  
  79  7:29  Probe x2  
  81  7:45  Stalker x3  
  83  7:56  Stalker x2  
  83  7:57  Stalker  
  79  8:08  Stalker  
  79  8:12  Stalker  
  79  8:17  Observer  
  79  8:18  Stalker  
  57  8:28  Probe x2  
  57  8:29  Resonating Glaives, Adept x2  
  61  8:37  Assimilator  
  61  8:40  Probe x2  
  63  8:44  Pylon  
  63  8:48  Shield Battery, Adept x4  
  63  8:51  Adept x2  
  63  8:52  Probe x2  
  63  8:54  Shield Battery x2  
  77  8:58  Gateway  
  77  9:12  Stalker  
  77  9:13  Stalker x3  
  85  9:24  Forge  
  85  9:25  Pylon  
  85  9:31  Nexus  
  85  9:32  Protoss Ground Weapons Level 1  
  85  9:35  Pylon  
  85  9:41  Templar Archives  
  85  9:50  Sentry  
  85  9:52  Immortal  
  87  10:06  Adept x3  
  97  10:13  Shield Battery  
  97  10:17  Adept x2  
  101  10:30  Adept x3  
  107  10:41  Immortal  
  107  10:55  Shield Battery, High Templar x2  
  107  10:56  Shield Battery  
  111  10:57  Pylon  
  111  10:59  Archon  
  111  11:00  Adept x2  
  115  11:08  Adept x2  
  119  11:18  Adept  
  119  11:27  Adept x3  
  125  11:36  Adept x2  
  104  11:45  Adept x2  
  99  11:50  Adept x2  
  101  12:06  Adept x3  
  87  12:11  Adept  
  71  12:24  Adept x2  
  75  12:42  High Templar x4  
  83  12:46  Archon x2  
  83  12:53  Adept  
  83  12:54  Adept  
  87  12:58  Stalker  
  89  13:17  High Templar x2  
  93  13:20  Adept x3  
  95  13:36  Archon  
  95  13:38  Stalker x2  
  95  13:51  Adept  
  93  14:03  Stalker  
  95  14:15  High Templar  
  95  14:16  High Templar  
  99  14:19  Archon  
  99  14:21  Adept  
  101  14:44  Adept x2  
Show
View Real Time Build Order
Export as new Build Order

Harstem Protoss - Winner!

Build Orders: Dark Templar Rush 

Get SALT Encoding   

  12  0:00  Probe  
  13  0:12  Probe  
  14  0:17  Pylon  
  14  0:24  Probe  
  15  0:32  Probe  
  15  0:37  Gateway  
  15  0:40  Probe  
  16  0:49  Assimilator  
  17  0:51  Probe  
  18  0:57  Assimilator  
  18  0:59  Probe  
  19  1:07  Gateway, Probe  
  19  1:17  Probe  
  20  1:24  Cybernetics Core  
  21  1:29  Probe  
  22  1:33  Pylon  
  22  1:41  Probe  
  23  1:53  Probe  
  24  2:01  Warp Gate, Twilight Council, Adept  
  24  2:03  Adept  
  28  2:15  Pylon  
  28  2:28  Pylon  
  28  2:37  Dark Shrine  
  28  2:47  Stalker  
  30  2:52  Shield Battery  
  30  2:58  Shield Battery  
  30  3:00  Stalker  
  30  3:05  Probe  
  32  3:26  Pylon  
  31  3:37  Probe  
  32  3:45  Nexus  
  32  3:50  Probe, Dark Templar x2  
  37  4:02  Probe  
  34  4:14  Stalker  
  36  4:18  Probe  
  37  4:32  Probe  
  37  4:36  Dark Templar  
  37  4:37  Resonating Glaives  
  38  4:44  Probe  
  39  4:46  Forge  
  39  4:54  Probe  
  39  4:56  Probe  
  41  5:02  Probe  
  41  5:07  Protoss Ground Weapons Level 1  
  41  5:08  Probe  
  41  5:10  Pylon  
  41  5:11  Probe, Stalker  
  41  5:13  Stalker  
  46  5:20  Probe  
  48  5:24  Probe  
  49  5:32  Probe  
  50  5:41  Twilight Council  
  49  5:43  Gateway  
  49  5:44  Probe  
  49  5:46  Stalker  
  49  5:49  Probe  
  50  5:50  Shield Battery  
  50  5:54  Assimilator  
  50  5:56  Probe  
  51  5:59  Robotics Facility  
  51  6:01  Probe  
  52  6:06  Gateway  
  52  6:09  Probe  
  53  6:11  Assimilator  
  53  6:14  Zealot, Probe  
  53  6:17  Pylon  
  56  6:19  Sentry  
  56  6:20  Charge  
  58  6:27  Pylon  
  58  6:32  Probe  
  59  6:37  Probe, Phoenix  
  59  6:38  Immortal, Zealot x2  
  64  6:51  Zealot  
  70  6:56  Pylon  
  70  7:01  Zealot  
  72  7:10  Immortal  
  72  7:20  Gateway  
  76  7:22  Gateway  
  76  7:32  Shield Battery  
  76  7:34  Shield Battery  
  76  7:36  Dark Templar  
  78  7:38  Zealot  
  78  7:44  Sentry x2  
  74  7:52  Immortal  
  72  8:00  Zealot  
  72  8:02  Protoss Ground Weapons Level 2  
  72  8:05  Probe  
  71  8:09  Probe  
  71  8:10  Zealot x3  
  74  8:17  Zealot x2  
  66  8:34  Dark Templar  
  66  8:36  Zealot  
  66  8:41  Warp Prism  
  70  8:43  Zealot  
  74  8:58  Templar Archives  
  74  9:06  Pylon  
  74  9:15  Gateway  
  74  9:19  Gateway  
  74  9:31  Pylon  
  74  9:32  Pylon  
  74  9:34  High Templar x4  
  74  9:35  Zealot x2  
  86  9:41  Archon x2  
  86  9:43  Pylon x2  
  86  9:47  Warp Prism  
  78  10:06  High Templar x2  
  82  10:07  Zealot x2  
  82  10:09  Pylon  
  82  10:12  Archon  
  86  10:21  High Templar x2  
  88  10:22  Zealot x2  
  88  10:26  Archon  
  94  10:29  Zealot  
  96  10:40  Pylon  
  96  10:41  Dark Templar  
  98  10:56  Pylon x2  
  98  10:58  Nexus  
  98  11:09  Zealot  
  100  11:19  High Templar  
  100  11:20  High Templar  
  100  11:21  Zealot x4  
  110  11:26  Zealot  
  96  11:33  Archon  
  96  11:37  Zealot  
  88  11:51  Probe  
  88  11:53  Pylon  
  89  11:56  High Templar x2  
  89  11:58  Zealot  
  89  11:59  Zealot x2  
  89  12:00  Zealot x2  
  103  12:01  Archon  
  103  12:06  Zealot  
  83  12:19  Probe  
  72  12:26  High Templar x4  
  72  12:29  Zealot x4  
  86  12:36  Archon x2  
  82  12:37  Pylon  
  76  12:54  High Templar x2  
  76  12:55  Zealot x2  
  84  13:04  Zealot x2, Archon  
  84  13:05  Zealot x2  
  92  13:15  Pylon  
  92  13:22  Pylon  
  92  13:25  High Templar x2  
  92  13:26  Zealot x2  
  100  13:34  Archon  
  100  13:44  Zealot x3  
  103  13:54  Probe  
  104  13:57  Pylon  
  104  14:00  Dark Templar  
  106  14:05  Zealot x3, Sentry  
  112  14:23  High Templar  
  112  14:24  High Templar  
  120  14:28  Zealot x2  
  120  14:29  Archon  
  122  14:33  Zealot  
  122  14:42  Dark Templar  
  122  14:43  Zealot  
Tags
 
Add a new tag
Caveats
  • Supply blocks, unpowered buildings, or Contaminate may cause inaccurate times.
  • Supply counts are checked every 10 seconds.